AoeStats
← Smilie

Arabia

509673633Analyzed
1v1 RM · 6d ago on Sep 27, 2026· 45m 28s· 2 players
Game mode
Random Map
Map size
Tiny (2 player)
Population
200
Speed
Normal
Resources
Standard
Victory
Conquest
Starting age
Dark Age
Ending age
Imperial Age
RankedLock teamsTeams togetherTeam positionsShared explorationLock speedFull tech treeHidden civsTurbo modeCheats
Victory
Defeat
🇳🇱 Lithuanians · Netherlands
797
+40
🇦🇷 Varangians · Argentina
836
-18
Smilie
6:02 Loom
9:08 Feudal Age
9:45 Double-Bit Axe
9:43 Horse Collar
16:42 Wheelbarrow
20:28 Castle Age
20:51 Forging
20:29 Pikeman
27:39 Bloodlines
27:30 Husbandry
28:04 Scale Barding Armor
31:03 Elite Skirmisher
33:27 Bow Saw
33:20 Heavy Plow
33:19 Gold Mining
39:56 Imperial Age
38:15 Thumb Ring
40:01 Cavalier
41:20 Conscription
41:01 Tower Shields
41:40 Paladin
44:10 Ballistics
43:52 Padded Archer Armor
43:42 Fletching
44:28 Iron Casting
44:13 Chain Barding Armor
45:16 Chemistry
45:28 Leather Archer Armor
45:08 Bodkin Arrow
Cobicho2109
6:52 Loom
9:58 Feudal Age
13:55 Bloodlines
16:17 Forging
17:52 Scale Barding Armor
21:11 Double-Bit Axe
22:43 Gold Mining
24:59 Castle Age
24:26 Scale Mail Armor
24:18 Fletching
24:28 Padded Archer Armor
25:52 Bodkin Arrow
26:12 Leather Archer Armor
25:47 Pikeman
27:01 Town Watch
27:54 Wheelbarrow
27:04 Horse Collar
29:44 Husbandry
31:46 Ballistics
36:05 Imperial Age
34:12 Squires
35:13 Heavy Plow
35:31 Bow Saw
36:11 Cranequins
37:00 Bracer
37:30 Ring Archer Armor
39:14 Hand Cart
40:59 Heavy Mounted Crossbowman
Connection lost

Rejoining the realm…

Still unreachable

The connection could not be restored.

Session expired

The server has moved on; the page needs a fresh start.